AoeStats
← 1250516120

Arena

508821761Analyzed
4v4 RM · 8d ago on Sep 24, 2026· 45m 2s· 8 players
Game mode
Random Map
Map size
Large (8 player)
Population
200
Speed
Normal
Resources
Standard
Victory
Conquest
Starting age
Dark Age
Ending age
Imperial Age
RankedLock teamsTeams togetherTeam positionsShared explorationLock speedFull tech treeHidden civsTurbo modeCheats
Victory
Defeat
🇩🇪 Varangians · Germany
818
+11
🇨🇳 Huns · China
693
+16
🇹🇼 Persians · Taiwan
688
+16
🇨🇳 Ethiopians · China
651
+18
🇦🇷 Byzantines · Argentina
723
-16
🇩🇪 Khmer · Germany
719
-16
🇺🇸 Burmese · United States
709
-16
652
-13
Zeraphim
0:59 Loom
11:42 Feudal Age
12:18 Double-Bit Axe
14:22 Horse Collar
14:15 Man-at-Arms
24:01 Castle Age
23:24 Forging
23:05 Fletching
24:22 Padded Archer Armor
24:22 Scale Mail Armor
24:41 Crossbowman
27:12 Husbandry
26:34 Light Cavalry
27:51 Heavy Plow
33:16 Ballistics
32:57 Bodkin Arrow
33:20 Leather Archer Armor
35:21 Murder Holes
36:32 Gambesons
36:48 Squires
36:34 Arson
vkoni1997
9:10 Loom
14:40 Feudal Age
21:51 Castle Age
那天人多没轮到我
0:27 Loom
14:19 Feudal Age
16:27 Horse Collar
16:34 Double-Bit Axe
21:31 Castle Age
20:59 Stone Mining
23:23 Heavy Plow
23:36 Bow Saw
26:46 Corvinian Army
30:05 Gold Mining
34:07 Imperial Age
35:56 Chemistry
35:16 Ballistics
34:53 Murder Holes
34:39 Treadmill Crane
35:32 Conscription
35:57 Gold Shaft Mining
38:31 Crop Rotation
37:36 Elite Magyar Huszar
38:23 Fletching
38:39 Scale Barding Armor
38:09 Pikeman
41:41 Chain Barding Armor
41:19 Bodkin Arrow
julian_venom
10:12 Feudal Age
10:46 Double-Bit Axe
10:45 Horse Collar
11:48 Wheelbarrow
15:00 Stone Mining
19:01 Scale Barding Armor
22:24 Castle Age
22:59 Bloodlines
24:17 Husbandry
25:33 Hand Cart
25:26 Heavy Plow
25:41 Bow Saw
25:30 Gold Mining
27:13 Caravan
29:57 Stone Shaft Mining
30:01 Gold Shaft Mining
30:15 Town Watch
32:04 Town Patrol
31:51 Loom
36:35 Imperial Age
36:00 Chain Barding Armor
36:05 Tusk Swords
37:57 Conscription
38:19 Double Crossbow
39:03 Plate Barding Armor
38:44 Masonry
38:45 Fortified Wall
39:38 Ballistics
39:16 Murder Holes
39:21 Heavy Scorpion
40:42 Siege Engineers
Pega Menis
12:51 Feudal Age
14:03 Horse Collar
14:11 Double-Bit Axe
19:22 Castle Age
18:47 Wheelbarrow
18:34 Gold Mining
20:19 Heavy Plow
22:03 Squires
21:55 Gambesons
22:14 Scale Mail Armor
22:25 Forging
22:49 Arson
23:24 Chain Mail Armor
26:45 Hand Cart
29:17 Stone Mining
30:19 Iron Casting
31:55 Fervor
32:49 Stone Shaft Mining
36:37 Imperial Age
36:45 Elite Varangian Guard
36:50 Gothikon
37:51 Conscription
38:35 Blast Furnace
38:06 Plate Mail Armor
38:30 Bow Saw
40:52 Crop Rotation
41:26 Two-Man Saw
linsanity1105
11:30 Feudal Age
16:09 Castle Age
14:05 Double-Bit Axe
14:26 Horse Collar
21:41 Heavy Plow
22:23 Gold Mining
23:32 Stone Mining
25:33 Wheelbarrow
27:02 Gold Shaft Mining
27:43 Hand Cart
30:52 Imperial Age
29:26 Loom
30:06 Caravan
30:44 Scale Barding Armor
30:50 Forging
31:55 Chain Barding Armor
32:19 Conscription
32:37 Crop Rotation
32:42 Guilds
32:40 Husbandry
32:51 Bloodlines
33:52 Chemistry
33:05 Masonry
33:24 Bow Saw
32:46 Cavalier
34:09 Plate Barding Armor
34:10 Iron Casting
34:11 Savar
37:56 Blast Furnace
38:35 Ballistics
1250516120
0:34 Loom
2:48 Loom
14:04 Feudal Age
14:54 Horse Collar
15:07 Gold Mining
15:08 Stone Mining
15:10 Double-Bit Axe
21:19 Castle Age
22:25 Heavy Plow
23:03 Gold Shaft Mining
22:41 Bow Saw
22:45 Forging
22:40 Scale Barding Armor
22:40 Caravan
23:30 Wheelbarrow
22:40 Town Watch
28:03 Iron Casting
28:56 Hand Cart
29:11 Marauders
29:39 Chain Barding Armor
30:48 Bloodlines
30:38 Husbandry
30:52 Masonry
38:28 Imperial Age
39:35 Conscription
38:37 Elite Tarkan
40:19 Blast Furnace
39:55 Plate Barding Armor
40:03 Guilds
暗夜惜黎
12:03 Feudal Age
12:29 Horse Collar
12:36 Double-Bit Axe
18:37 Castle Age
19:14 Wheelbarrow
19:21 Heavy Plow
21:28 Gold Mining
23:56 Gold Shaft Mining
25:17 Squires
25:30 Forging
27:43 Hand Cart
29:09 Stone Mining
36:10 Imperial Age
36:21 Town Watch
36:40 Caravan
38:00 Chemistry
37:07 Torsion Engines
38:46 Bow Saw
38:58 Siege Engineers
40:26 Arson
41:00 Onager
Connection lost

Rejoining the realm…

Still unreachable

The connection could not be restored.

Session expired

The server has moved on; the page needs a fresh start.